 Dungeon Crawl Stone Soup version 0.30-a0-715-gdb4ae3ece1 (webtiles) character file.

Game seed: 13470976775179046728

52 Conn the Firebug (level 3, 0/21 HPs)
             Began as an Octopode Fire Elementalist on Jan 23, 2023.
             Slain by a gnoll
             ... wielding a +0 flail
              (13 damage)
             ... on level 1 of the Dungeon.
             The game lasted 00:03:41 (1368 turns).

Conn the Firebug (Octopode Fire Elementalist)       Turns: 1368, Time: 00:03:42

Health: 0/21       AC:  1    Str:  7    XL:     3   Next: 85%
Magic:  2/6        EV: 13    Int: 19    God:
Gold:   16         SH:  0    Dex: 12    Spells: 0/6 levels left

rFire   + . .      SeeInvis .    f - +0 hand axe (venom)
rCold   . . .      Faith    .    (no shield)
rNeg    . . .      Spirit   .    (helmet restricted)
rPois   .          Reflect  .    (no amulet)
rElec   .          Harm     .    d - ring of protection from fire
rCorr   .          Rampage  .    j - ring of wizardry
Will    .....                    (no ring)
Stlth   +++                      (no ring)
HPRegen 0.23/turn                (no ring)
MPRegen 0.10/turn                (no ring)
                                 (no ring)
                                 (no ring)

@: no status effects
A: almost no armour, amphibious, 8 rings, camouflage 1, gelatinous body 1,
(nimble swimmer 1), tentacles
a: no special abilities


You were on level 1 of the Dungeon.
You visited 1 branch of the dungeon, and saw 2 of its levels.

You collected 16 gold pieces.

Inventory:

Hand Weapons
 e - a +0 short sword
 f - a +0 hand axe of venom (weapon)
Jewellery
 d - a ring of protection from fire (left tentacle)
 j - a ring of wizardry (right tentacle)
Scrolls
 h - a scroll of identify {unknown}
 i - a scroll of noise {unknown}
Potions
 a - 2 potions of magic
 b - a potion of brilliance {unknown}
 c - a potion of might {unknown}
 g - a potion of heal wounds {unknown}


   Skills:
 + Level 2.2 Dodging
 + Level 3.0 Stealth
 + Level 2.4 Spellcasting
 + Level 2.1 Conjurations
 + Level 3.5 Fire Magic


You couldn't memorise any spells.
You knew the following spells:

 Your Spells              Type           Power      Damage    Failure   Level
a - Foxfire               Conj/Fire      52%        2x1d6     1%          1
c - Inner Flame           Hex/Fire       9%         N/A       10%         3
e - Scorch                Fire           30%        2d6       2%          2

Your spell library contained the following spells:

 Spells                   Type           Power      Damage    Failure   Level
 Kindle Blastsparks       Fire/Tloc/Air  12%        2d11      12%         3
 Flame Wave               Conj/Fire      13%        2d6       21%         4


Dungeon Overview and Level Annotations

Branches:
Dungeon (2/15)

Altars:


Innate Abilities, Weirdness & Mutations

You cannot wear most types of armour.
You are amphibious.
You can wear up to eight rings at the same time.
Your skin changes colour to match your surroundings (Stealth+).
Your rubbery body absorbs attacks. (AC +1, EV +1)
((You are camouflaged when in or above water. (Stealth+)))
You have tentacles for arms and can constrict up to eight enemies at once.


Message History

HP restored.
You start resting.
Magic restored.
There is a stone staircase leading down here.
You climb downwards.
The gnoll shouts! x2
A quokka comes into view.
The gnoll closely misses you.
A dart slug comes into view.
Found 11 gold pieces, a gluggy blue potion and a brass ring.
There is a stone staircase leading up here.
The gnoll hits you but does no damage. The gnoll misses you.
The gnoll hits you from afar with a +0 spear.
You climb upwards.
There is a stone staircase leading down here.
Unknown command.
Unknown command.
Unknown command.
Unknown command.
Unknown command.
Unknown command.
Unknown command.
Unknown command.
Casting: Foxfire (safe; 1% risk of failure)
Confirm with . or Enter, or press ? or * to list all spells.
Okay, then.
Unknown command.
Casting: Foxfire (safe; 1% risk of failure)
Confirm with . or Enter, or press ? or * to list all spells.
Flames lash the gnoll.
The gnoll is severely wounded.
The gnoll's fire resistance burns away.
The gnoll barely misses you. x2
Casting: Scorch (safe; 2% risk of failure)
Confirm with . or Enter, or press ? or * to list all spells.
Flames lash the gnoll.
The gnoll is severely wounded.
The gnoll's fire resistance burns away.
The gnoll hits you with a +0 flail. The gnoll hits you with a +0 flail!
Ouch! That really hurt!
You die...

#.###.#...####.)......####..'...'
#.# #.##..# ###.....## ####.<.#
#.###.##..# #..##.#####..'...'
......##..# #..##..##..####'##
#.###.##..## #..#####.### #.#
...##......# #..# #.## ###
#..##......#####..# ### ##.##
#...............g.#### ##.#.#
##(#.#..........@....#######.###.
#.#.......#####g...........## ##
#.####.......##..##.#######.###.
#........###.##..##.# ##.#.#
#####......(.....##.#########.##
###############......>....#
#############


You could see 2 gnolls.

Vanquished Creatures
  An adder (D:2)
  A dart slug (D:1)
  2 ball pythons (D:2)
  2 endoplasms (D:1)
  3 giant cockroaches (D:1)
  9 hobgoblins
  3 quokkas (D:1)
  3 bats
  3 frilled lizards
  2 goblins (D:1)
  5 kobolds (D:1)
  2 rats (D:1)
36 creatures vanquished.

Vanquished Creatures (others)
  86 foxfires
86 creatures vanquished.

Grand Total: 122 creatures vanquished

Notes
Turn   | Place    | Note
-------+----------+-------------------------------------------
     0 | D:1      | Conn the Octopode Fire Elementalist began the quest for the
                  | Orb.
     0 | D:1      | Reached XP level 1. HP: 11/11 MP: 3/3
   175 | D:1      | Reached XP level 2. HP: 17/17 MP: 1/5
   604 | D:1      | Reached XP level 3. HP: 21/21 MP: 3/6
   607 | D:1      | Learned a level 2 spell: Scorch
   611 | D:1      | Learned a level 3 spell: Inner Flame
  1368 | D:1      | Slain by a gnoll

Illustrated notes

Levels and vault maps discovered:
D:1:      dpeg_arrival_radiant, layout_loops_ring, chequers_arboretum
D:2:      layout_rooms, basic_altar, grunt_ministairs_1, kennysheep_doodads

Skill      XL: |  1  2  3 |
---------------+----------+-----
Conjurations   | 2 |  2.1
Stealth        | 3 |  3.0
Dodging        | |  2.2
Spellcasting   | |  2.4
Fire Magic     | |  3.5

Action                     || total
---------------------------++-------
  Melee: Unarmed           ||     6
         Constrict         ||     9
         Tentacles         ||     3
         Hand axe          ||    19
   Cast: Foxfire           ||    50
         Scorch            ||     2
   Stab: Sleeping          ||     6
 Armour: Skin              ||     4
  Dodge: Dodged            ||    13

Table legend: (Time is in decaauts)
 A = Elapsed time spent in this place.
 B = Non-inter-level travel time spent in this place.
 C = Inter-level travel time spent in this place.
 D = Time resting spent in this place.
 E = Time spent auto-exploring this place.
 F = Levels seen in this place.
 G = Mean time per level.
                   A        B        C        D        E       F      G
               +--------+--------+--------+--------+--------+-----+--------+
         Total |   1373 |   1330 |     43 |    154 |    868 |   2 |  686.5 |
       Dungeon |   1373 |   1330 |     43 |    154 |    868 |   2 |  686.5 |
               +--------+--------+--------+--------+--------+-----+--------+

Top non-repeatable levels by time:
     D:1: 1314 daAuts
     D:2: 58 daAuts
